[ AOE2 MATCH · #507171254 ]
UnrankedFranks vs Teutons
Player's team · LOSS
Rival team · WIN
[ REPLAY ANALYSIS · EXTRACTED FROM THE RECORDED GAME ]
Feudal
8:50
Castle
20:52
Imperial
—
| APM avg | 101.4 |
| APM peak | 144 |
| eAPM avg | 51.1 |
| Villagers / military | 98 / 49 |
Focus
⚔️ 75.5% · 🌾 24.5%
Archer ×28 · Knight ×8 · Scout Cavalry ×7 · Mangonel ×5 · Battering Ram ×1
Feudal
10:56
Castle
20:01
Imperial
—
| APM avg | 63.9 |
| APM peak | 97 |
| eAPM avg | 32.4 |
| Villagers / military | 112 / 56 |
Focus
⚔️ 35.6% · 🌾 64.4%
Archer ×39 · Spearman ×4 · Monk ×3 · Militia ×3 · Mangonel ×3 · Skirmisher ×3
Match map
Initial resources + every placement click. Lines = walls · curves = elevation contours. ◆ gold · ⬟ stone · ● berries · ✦ relic · ◌ wall gap
Your base· Open — unwalled flank
CNZS_迷你车仁's base· ✓ Closed at 20:01 · 52t walls · no gate
Smoothed initial terrain · ◌ = detected wall gap · hover for details
Inputs per minute
— wappla - - CNZS_迷你车仁
Build order — wappla
First 150 of 253 actions detected
| 0:00 | Create | Villager (Male) |
| 0:00 | Create | Villager (Male) |
| 0:00 | Create | Villager (Male) |
| 0:01 | Build | House |
| 0:02 | Build | House |
| 0:04 | Create | Villager (Male) |
| 1:24 | Create | Villager (Male) |
| 1:24 | Create | Villager (Male) |
| 1:45 | Build | Mill |
| 1:51 | Create | Villager (Male) |
| 2:22 | Create | Villager (Male) |
| 2:46 | Create | Villager (Male) |
| 3:04 | Create | Villager (Male) |
| 3:29 | Create | Villager (Male) |
| 3:43 | Create | Villager (Male) |
| 3:45 | Build | House |
| 4:01 | Create | Villager (Male) |
| 4:33 | Create | Villager (Male) |
| 4:58 | Build | House |
| 5:05 | Create | Villager (Male) |
| 5:07 | Build | Lumber Camp |
| 5:44 | Create | Villager (Male) |
| 6:08 | Create | Villager (Male) |
| 6:40 | Research | Feudal Age |
| 7:33 | Build | Barracks |
| 8:22 | Create | Villager (Male) |
| 8:28 | Build | House |
| 8:50 | Age | Feudal Age |
| 8:53 | Build | Stable |
| 8:59 | Create | Villager (Male) |
| 9:01 | Build | Palisade Wall |
| 9:02 | Build | Palisade Wall |
| 9:02 | Build | Palisade Wall |
| 9:05 | Build | Palisade Wall |
| 9:07 | Build | Palisade Wall |
| 9:08 | Build | Palisade Wall |
| 9:14 | Research | Double-Bit Axe |
| 9:15 | Create | Villager (Male) |
| 9:23 | Build | Palisade Wall |
| 9:27 | Create | Villager (Male) |
| 9:34 | Build | Palisade Wall |
| 9:38 | Create | Scout Cavalry |
| 9:38 | Create | Scout Cavalry |
| 9:40 | Build | House |
| 9:44 | Build | Palisade Wall |
| 10:04 | Build | Lumber Camp |
| 10:07 | Build | Palisade Wall |
| 10:17 | Create | Villager (Male) |
| 10:24 | Build | Farm |
| 10:27 | Create | Scout Cavalry |
| 10:34 | Build | Palisade Wall |
| 10:37 | Create | Villager (Male) |
| 10:47 | Build | House |
| 10:51 | Create | Villager (Male) |
| 10:54 | Build | Farm |
| 11:12 | Build | Farm |
| 11:27 | Create | Villager (Male) |
| 11:30 | Create | Scout Cavalry |
| 11:31 | Build | Farm |
| 11:47 | Create | Villager (Male) |
| 11:50 | Build | Farm |
| 11:58 | Build | Farm |
| 11:59 | Build | Farm |
| 12:00 | Create | Scout Cavalry |
| 12:06 | Build | House |
| 12:16 | Build | Farm |
| 12:20 | Create | Scout Cavalry |
| 12:26 | Build | Farm |
| 12:28 | Build | House |
| 12:38 | Build | Farm |
| 12:44 | Create | Villager (Male) |
| 12:52 | Create | Villager (Male) |
| 13:15 | Build | Mining Camp |
| 13:24 | Create | Scout Cavalry |
| 13:24 | Create | Villager (Male) |
| 13:40 | Create | Villager (Male) |
| 13:52 | Build | House |
| 13:55 | Create | Villager (Male) |
| 13:57 | Build | Archery Range |
| 13:59 | Build | Palisade Wall |
| 14:00 | Build | House |
| 14:02 | Build | House |
| 14:10 | Build | Palisade Wall |
| 14:32 | Create | Villager (Male) |
| 14:34 | Build | Farm |
| 14:56 | Create | Archer |
| 14:59 | Create | Villager (Male) |
| 15:02 | Create | Archer |
| 15:15 | Build | House |
| 15:16 | Build | Farm |
| 15:24 | Build | Farm |
| 15:25 | Build | Palisade Wall |
| 15:27 | Build | Farm |
| 15:30 | Create | Villager (Male) |
| 15:31 | Create | Archer |
| 15:46 | Create | Villager (Male) |
| 15:57 | Build | Farm |
| 16:19 | Build | Blacksmith |
| 16:32 | Create | Villager (Male) |
| 16:33 | Create | Archer |
| 16:35 | Create | Villager (Male) |
| 16:42 | Build | House |
| 17:00 | Build | Palisade Wall |
| 17:08 | Create | Archer |
| 17:10 | Create | Villager (Male) |
| 17:14 | Build | House |
| 17:19 | Build | Palisade Wall |
| 17:29 | Build | Watch Tower |
| 17:33 | Create | Archer |
| 17:42 | Create | Villager (Male) |
| 17:44 | Research | Loom |
| 17:48 | Build | House |
| 18:06 | Research | Castle Age |
| 18:08 | Build | Archery Range |
| 18:14 | Create | Archer |
| 18:23 | Build | House |
| 18:30 | Create | Archer |
| 18:33 | Build | Palisade Wall |
| 18:37 | Research | Fletching |
| 18:43 | Create | Archer |
| 19:08 | Create | Archer |
| 19:10 | Build | House |
| 19:11 | Build | Palisade Wall |
| 19:14 | Build | Farm |
| 19:16 | Research | Scale Barding Armor |
| 19:18 | Create | Archer |
| 19:20 | Create | Archer |
| 19:20 | Create | Archer |
| 19:44 | Build | Farm |
| 20:09 | Build | House |
| 20:10 | Build | House |
| 20:14 | Create | Archer |
| 20:14 | Create | Archer |
| 20:52 | Age | Castle Age |
| 20:54 | Research | Crossbowman (upgrade) |
| 20:55 | Research | Bodkin Arrow |
| 20:56 | Create | Villager (Male) |
| 20:59 | Research | Bow Saw |
| 21:11 | Build | Siege Workshop |
| 21:16 | Create | Villager (Male) |
| 21:18 | Build | House |
| 21:23 | Create | Archer |
| 21:24 | Create | Archer |
| 21:28 | Create | Villager (Male) |
| 21:34 | Create | Villager (Male) |
| 21:38 | Build | Mining Camp |
| 21:54 | Build | House |
| 21:56 | Create | Villager (Male) |
| 22:02 | Create | Archer |
| 22:08 | Create | Villager (Male) |
Build order — CNZS_迷你车仁
First 150 of 307 actions detected
| 0:00 | Create | Villager (Male) |
| 0:00 | Create | Villager (Male) |
| 0:02 | Build | House |
| 0:02 | Build | House |
| 0:07 | Create | Villager (Male) |
| 0:08 | Create | Villager (Male) |
| 1:26 | Create | Villager (Male) |
| 1:26 | Create | Villager (Male) |
| 1:49 | Build | Lumber Camp |
| 1:53 | Create | Villager (Male) |
| 1:54 | Create | Villager (Male) |
| 2:31 | Create | Villager (Male) |
| 2:31 | Create | Villager (Male) |
| 3:08 | Create | Villager (Male) |
| 3:08 | Create | Villager (Male) |
| 3:41 | Create | Villager (Male) |
| 3:41 | Create | Villager (Male) |
| 3:50 | Build | House |
| 4:00 | Create | Villager (Male) |
| 4:01 | Create | Villager (Male) |
| 4:17 | Create | Villager (Male) |
| 4:17 | Create | Villager (Male) |
| 4:32 | Create | Villager (Male) |
| 4:32 | Create | Villager (Male) |
| 4:48 | Build | Barracks |
| 4:52 | Create | Villager (Male) |
| 4:52 | Create | Villager (Male) |
| 5:09 | Create | Villager (Male) |
| 5:10 | Create | Villager (Male) |
| 5:29 | Build | House |
| 5:35 | Create | Villager (Male) |
| 5:35 | Create | Villager (Male) |
| 5:50 | Create | Militia |
| 5:50 | Create | Militia |
| 6:06 | Build | Palisade Wall |
| 6:12 | Create | Militia |
| 6:23 | Build | Mill |
| 6:24 | Build | Palisade Wall |
| 6:39 | Create | Villager (Male) |
| 7:00 | Create | Villager (Male) |
| 7:00 | Create | Villager (Male) |
| 7:13 | Build | House |
| 7:45 | Create | Villager (Male) |
| 7:46 | Research | Loom |
| 8:22 | Research | Feudal Age |
| 8:22 | Research | Feudal Age |
| 8:34 | Build | Palisade Wall |
| 8:35 | Build | Palisade Wall |
| 8:38 | Build | Palisade Wall |
| 8:45 | Build | Palisade Wall |
| 8:47 | Build | Palisade Wall |
| 9:04 | Build | Mill |
| 9:23 | Build | Palisade Wall |
| 9:31 | Build | Palisade Wall |
| 9:53 | Create | Villager (Male) |
| 10:10 | Build | Palisade Wall |
| 10:15 | Create | Villager (Male) |
| 10:26 | Build | Farm |
| 10:28 | Build | Farm |
| 10:29 | Build | Farm |
| 10:29 | Build | Farm |
| 10:29 | Build | Farm |
| 10:46 | Build | Mining Camp |
| 10:48 | Build | House |
| 10:56 | Age | Feudal Age |
| 10:57 | Create | Villager (Male) |
| 11:09 | Research | Double-Bit Axe |
| 11:10 | Create | Spearman |
| 11:10 | Create | Spearman |
| 11:29 | Create | Villager (Male) |
| 11:30 | Create | Spearman |
| 11:42 | Create | Spearman |
| 11:56 | Create | Villager (Male) |
| 12:00 | Create | Villager (Male) |
| 12:01 | Build | House |
| 12:03 | Build | Palisade Wall |
| 12:11 | Build | Palisade Wall |
| 12:12 | Create | Villager (Male) |
| 12:14 | Build | Farm |
| 12:49 | Build | Archery Range |
| 12:51 | Research | Horse Collar |
| 12:51 | Research | Horse Collar |
| 12:52 | Research | Horse Collar |
| 13:08 | Build | Palisade Wall |
| 13:15 | Build | Farm |
| 13:17 | Create | Villager (Male) |
| 13:30 | Build | Farm |
| 13:31 | Build | Farm |
| 13:33 | Build | Farm |
| 13:38 | Create | Villager (Male) |
| 13:39 | Build | Farm |
| 13:48 | Create | Villager (Male) |
| 14:10 | Create | Archer |
| 14:11 | Create | Archer |
| 14:39 | Build | House |
| 14:41 | Build | Blacksmith |
| 14:45 | Create | Archer |
| 14:48 | Create | Villager (Male) |
| 15:06 | Build | Farm |
| 15:14 | Create | Villager (Male) |
| 15:20 | Build | House |
| 15:21 | Build | House |
| 15:22 | Build | House |
| 15:23 | Create | Archer |
| 15:35 | Build | Farm |
| 15:54 | Create | Villager (Male) |
| 16:15 | Build | Archery Range |
| 16:27 | Create | Villager (Male) |
| 16:42 | Create | Villager (Male) |
| 16:44 | Build | Farm |
| 16:47 | Build | Farm |
| 16:56 | Create | Archer |
| 17:21 | Research | Castle Age |
| 17:21 | Research | Castle Age |
| 17:26 | Build | House |
| 17:26 | Build | House |
| 17:43 | Create | Skirmisher |
| 17:43 | Create | Skirmisher |
| 17:43 | Research | Padded Archer Armor |
| 17:44 | Research | Padded Archer Armor |
| 18:10 | Create | Archer |
| 18:10 | Create | Archer |
| 18:18 | Create | Archer |
| 18:19 | Create | Archer |
| 18:34 | Research | Gold Mining |
| 18:38 | Research | Fletching |
| 18:38 | Research | Fletching |
| 18:54 | Create | Skirmisher |
| 18:56 | Create | Archer |
| 18:57 | Create | Villager (Male) |
| 18:59 | Build | House |
| 19:19 | Create | Villager (Male) |
| 19:36 | Create | Archer |
| 19:36 | Create | Archer |
| 19:36 | Create | Archer |
| 20:01 | Age | Castle Age |
| 20:02 | Research | Crossbowman (upgrade) |
| 20:18 | Research | Bow Saw |
| 20:18 | Research | Bow Saw |
| 20:20 | Research | Bodkin Arrow |
| 20:20 | Research | Bodkin Arrow |
| 20:31 | Build | Farm |
| 20:44 | Build | Palisade Gate |
| 20:47 | Create | Villager (Male) |
| 20:56 | Create | Villager (Male) |
| 21:00 | Build | House |
| 21:06 | Create | Villager (Male) |
| 21:17 | Build | Town Center |
| 21:24 | Create | Villager (Male) |
| 21:30 | Create | Archer |
Match timeline
| 4:48 | CNZS_迷你车仁 · first_building Barracks |
| 6:06 | CNZS_迷你车仁 · wall_segment Palisade Wall x3 |
| 6:24 | CNZS_迷你车仁 · wall_segment Palisade Wall x1 |
| 7:33 | wappla · first_building Barracks |
| 8:34 | CNZS_迷你车仁 · wall_segment Palisade Wall x2 |
| 8:35 | CNZS_迷你车仁 · wall_segment Palisade Wall x1 |
| 8:38 | CNZS_迷你车仁 · wall_segment Palisade Wall x1 |
| 8:45 | CNZS_迷你车仁 · wall_segment Palisade Wall x4 |
| 8:47 | CNZS_迷你车仁 · wall_segment Palisade Wall x11 |
| 8:50 | wappla · age_up feudal |
| 8:53 | wappla · first_building Stable |
| 9:01 | wappla · wall_segment Palisade Wall x1 |
| 9:02 | wappla · wall_segment Palisade Wall x1 |
| 9:02 | wappla · wall_segment Palisade Wall x1 |
| 9:05 | wappla · wall_segment Palisade Wall x1 |
| 9:07 | wappla · wall_segment Palisade Wall x1 |
| 9:08 | wappla · wall_segment Palisade Wall x1 |
| 9:23 | wappla · wall_segment Palisade Wall x3 |
| 9:23 | CNZS_迷你车仁 · wall_segment Palisade Wall x13 |
| 9:31 | CNZS_迷你车仁 · wall_segment Palisade Wall x8 |
| 9:34 | wappla · wall_segment Palisade Wall x2 |
| 9:44 | wappla · wall_segment Palisade Wall x1 |
| 10:07 | wappla · wall_segment Palisade Wall x3 |
| 10:10 | CNZS_迷你车仁 · wall_segment Palisade Wall x1 |
| 10:34 | wappla · wall_segment Palisade Wall x1 |
| 10:56 | CNZS_迷你车仁 · age_up feudal |
| 12:03 | CNZS_迷你车仁 · wall_segment Palisade Wall x1 |
| 12:11 | CNZS_迷你车仁 · wall_segment Palisade Wall x7 |
| 12:49 | CNZS_迷你车仁 · first_building Archery Range |
| 13:08 | CNZS_迷你车仁 · wall_segment Palisade Wall x1 |
| 13:57 | wappla · first_building Archery Range |
| 13:59 | wappla · wall_segment Palisade Wall x1 |
| 14:10 | wappla · wall_segment Palisade Wall x1 |
| 15:25 | wappla · wall_segment Palisade Wall x1 |
| 17:00 | wappla · wall_segment Palisade Wall x1 |
| 17:19 | wappla · wall_segment Palisade Wall x7 |
| 18:33 | wappla · wall_segment Palisade Wall x8 |
| 19:11 | wappla · wall_segment Palisade Wall x1 |
| 20:01 | CNZS_迷你车仁 · age_up castle |
| 20:52 | wappla · age_up castle |
| 21:11 | wappla · first_building Siege Workshop |
| 23:45 | CNZS_迷你车仁 · first_building Siege Workshop |
| 28:04 | CNZS_迷你车仁 · first_building Monastery |
| 31:03 | CNZS_迷你车仁 · first_building Stable |
| 32:29 | wappla · first_building Castle |
| 34:00 | wappla · resign |
[ AI ANALYSIS · 1 CREDIT ]
What really happened in this match?
Wolo.gg analyzes every decision: build order, eco, micro, common mistakes by bracket. Personalized analysis on WhatsApp or Discord in 30 seconds.
Civ guide
Franks
Perfil
Jugador #9865998